 Dungeon Crawl Stone Soup version 0.29-a0-757-g358383bc75 (webtiles) character file.

Game seed: 144839977137831419

68 avis the Chiller (level 3, -2/29 HPs)
             Began as a Demigod Ice Elementalist on July 1, 2022.
             Slain by a gnoll
             ... wielding a +0 spear
              (6 damage)
             ... on level 2 of the Dungeon.
             The game lasted 00:11:48 (2638 turns).

avis the Chiller (Demigod Ice Elementalist)         Turns: 2638, Time: 00:11:50

Health: -2/29      AC:  7    Str:  9    XL:     3   Next: 73%
Magic:  3/8        EV: 11    Int: 17    God:
Gold:   85         SH:  0    Dex: 18    Spells: 2/6 levels left

rFire   . . .      SeeInvis .   a - +0 sling
rCold   . . .      Faith    .   (no shield)
rNeg    . . .      Spirit   .   c - +0 leather armour
rPois   .          Reflect  .   (no helmet)
rElec   .          Harm     .   (no cloak)
rCorr   .          Rampage  .   (no gloves)
Will    .....                   (no boots)
Stlth   ++........              (no amulet)
HPRegen 0.09/turn               (no ring)
MPRegen 0.11/turn               (no ring)

@: ice-armoured
A: high MP 1, forlorn, divine attributes
a: no special abilities


You were on level 2 of the Dungeon.
You visited 1 branch of the dungeon, and saw 3 of its levels.

You collected 85 gold pieces.

Inventory:

Hand Weapons
 a - a +0 sling (weapon)
 b - a +0 short sword
Missiles
 p - 6 javelins
 s - 4 poisoned darts
Armour
 c - a +0 leather armour (worn)
 d - a +0 robe
Scrolls
 e - a scroll of teleportation
 g - a scroll of fear {unknown}
 h - a scroll of enchant armour {unknown}
 k - a scroll of summoning {unknown}
 l - a scroll of enchant weapon {unknown}
 o - a scroll of magic mapping {unknown}
 r - a scroll of vulnerability {unknown}
Potions
 f - 2 potions of magic
 i - a potion of invisibility {unknown}
 j - 2 potions of mutation {unknown}
 m - a potion of heal wounds {unknown}
 n - a potion of haste {unknown}
 q - a potion of resistance {unknown}


   Skills:
 * Level 2.2 Fighting
 + Level 1.2 Ranged Weapons
 - Level 1.7 Dodging
 - Level 1.7 Stealth
 - Level 2.0 Spellcasting
 - Level 4.0 Ice Magic


You had 2 spell levels left.
You knew the following spells:

 Your Spells              Type           Power      Damage    Failure   Level
a - Freeze                Ice            60%        1d8       5%          1
o - Ozocubu's Armour      Ice            15%        N/A       16%         3

Your spell library contained the following spells:

 Spells                   Type           Power      Damage    Failure   Level
 Frozen Ramparts          Ice            30%        1d5       16%         3
 Hailstorm                Conj/Ice       8%         3d4       75%         4


Dungeon Overview and Level Annotations

Branches:
Dungeon (3/15)

Shops:
D:1 [

Annotations:
D:2 1 runed translucent door, exclusion: door, Crazy Yiuf


Innate Abilities, Weirdness & Mutations

You have an increased reservoir of magic. (+10% MP)
You shall have no god before yourself.
Your divine heritage dramatically boosts your attributes as you level up.


Message History

The gnoll hits you from afar with a +0 spear. x3
The gnoll closely misses you.
Fire: a) +0 sling
Press: ? - help, Q - select action, (/) - cycle Shift-Dir - straight line, f/p - gnoll
Aim: a gnoll, wielding a +0 spear (severely wounded)
You shoot a sling bullet. The sling bullet hits the gnoll.
The gnoll is moderately wounded.
The gnoll hits you with a +0 spear.
* * * LOW HITPOINT WARNING * * *
The gnoll hits you but does no damage.
Casting: Freeze (safe; 5% risk of failure)
Confirm with . or Enter, or press ? or * to list all spells.
The spell is quite dangerous to miscast (16% risk of failure)!
Continue anyway? [Y]es or [N]o only, please.
The spell is quite dangerous to miscast (16% risk of failure)!
Continue anyway? [Y]es or [N]o only, please.
The spell is quite dangerous to miscast (16% risk of failure)!
Continue anyway?
A film of ice covers your body! The gnoll misses you.
The gnoll hits you but does no damage.
Casting: Ozocubu's Armour (quite dangerous; 16% risk of failure)
Confirm with . or Enter, or press ? or * to list all spells.
Aiming: Freeze (safe; 5% risk of failure)
Press: ? - help, Shift-Dir - straight line, f - gnoll, p - gnoll
Aim: a gnoll, wielding a +0 spear (moderately wounded)
You freeze the gnoll.
The gnoll is heavily wounded.
The gnoll hits you with a +0 spear.
* * * LOW HITPOINT WARNING * * *
The gnoll hits you from afar with a +0 spear.
* * * LOW HITPOINT WARNING * * *
Casting: Freeze (safe; 5% risk of failure)
Confirm with . or Enter, or press ? or * to list all spells.
Aiming: Freeze (safe; 5% risk of failure)
Press: ? - help, Shift-Dir - straight line, f/p - gnoll
Aim: a gnoll, wielding a +0 spear (heavily wounded)
You freeze the gnoll.
The gnoll is severely wounded.
The gnoll hits you but does no damage.
The gnoll hits you from afar with a +0 spear.
You die...

#.# #.# #....#
#.#####.##########....#
#.##....#..#..........####
#..#.##.#........#........
#######.........................
##................#######........
............#....#### #........
............#.......# ##....#..
....).......#..#@##.######.####..
...>.g.........#g##....##..# #...
.....g.#......##g#####....## #...
..............##.#####.#######...
.................................
..............#........###.##....
.........####.###....### #.##....
.........# #.# #....#####.......
.........# #.# #................


You could see 2 gnolls.

Vanquished Creatures
  2 gnolls
  An adder (D:1)
  A dart slug (D:1)
  3 bats (D:1)
  4 endoplasms
  A giant cockroach (D:1)
  2 hobgoblins
  2 jackals (D:1)
  A quokka (D:2)
  8 ball pythons
  2 frilled lizards
  2 goblins (D:1)
  4 kobolds
  7 rats
40 creatures vanquished.

Notes
Turn   | Place    | Note
-------+----------+-------------------------------------------
     0 | D:1      | avis the Demigod Ice Elementalist began the quest for the
                  | Orb.
     0 | D:1      | Reached XP level 1. HP: 14/14 MP: 5/5
   125 | D:1      | Reached skill level 1 in Fighting
   507 | D:1      | Reached XP level 2. HP: 23/23 MP: 7/7
   693 | D:1      | Reached skill level 1 in Ranged Weapons
  1229 | D:1      | Found Zilolug's Armour Shoppe.
  1737 | D:1      | Reached XP level 3. HP: 21/29 MP: 3/8
  1849 | D:2      | Learned a level 3 spell: Ozocubu's Armour
  2023 | D:1      | Reached skill level 4 in Ice Magic
  2236 | D:2      | Found a runed translucent door.
  2237 | D:2      | Noticed Crazy Yiuf
  2638 | D:2      | Slain by a gnoll

Illustrated notes

Levels and vault maps discovered:
D:1:      dpeg_arrival_concentric_ovals, layout_loops_corners,
          shapermc_ecumenical_altar_venn, serial_shops,
          nicolae_shop_statue_plus, minivault_19
D:2:      layout_rooms, uniq_crazy_yiuf_cottage
D:3:      layout_loops_cross, amcnicky_altar_gilded, nicolae_gozag_seed_capital,
          chequers_temple_overflow_statue_of_worship, ebering_ghost_gozag

Skill      XL: |  1  2  3 |
---------------+----------+-----
Fighting       | 1 2 |  2.2
Spellcasting   | 2 |  2.0
Ranged Weapons | 1 |  1.2
Ice Magic      | 4 |  4.0
Dodging        | |  1.7
Stealth        | |  1.7

Action                   || total
-------------------------++-------
 Fire: Sling             ||    60
 Cast: Freeze            ||    39
       Ozocubu's Armour  ||     3
  Use: Scroll            ||     1
Armor: Leather armour    ||    22
Dodge: Dodged            ||    54

Table legend: (Time is in decaauts)
 A = Elapsed time spent in this place.
 B = Non-inter-level travel time spent in this place.
 C = Inter-level travel time spent in this place.
 D = Time resting spent in this place.
 E = Time spent auto-exploring this place.
 F = Levels seen in this place.
 G = Mean time per level.
                   A        B        C        D        E       F      G
               +--------+--------+--------+--------+--------+-----+--------+
         Total |   2662 |   2356 |    306 |    759 |   1154 |   3 |  887.3 |
       Dungeon |   2662 |   2356 |    306 |    759 |   1154 |   3 |  887.3 |
               +--------+--------+--------+--------+--------+-----+--------+

Top non-repeatable levels by time:
     D:1: 1885 daAuts
     D:2: 483 daAuts
     D:3: 294 daAuts
